 Dungeon Crawl Stone Soup version 0.31-a0-971-g75a2e9a4b4 (webtiles) character file.

Game seed: 4249360778251360057

123 sokol815 the Sneak (level 5, 0/35 HPs)
             Began as an Octopode Brigand on Oct 28, 2023.
             Splashed by a jelly's acid (3 damage)
             ... on level 4 of the Dungeon.
             The game lasted 00:05:17 (2314 turns).

sokol815 the Sneak (Octopode Brigand)               Turns: 2314, Time: 00:05:17

Health: 0/35       AC:  0    Str: 10    XL:     5   Next: 7%
Magic:  7/7        EV: 13    Int: 15    God:
Gold:   134        SH:  0    Dex: 14    Spells: 6/7 levels left

rFire   . . .        a - +2 dagger (protect)
rCold   . . .        (no shield)
rNeg    . . .        (helmet restricted)
rPois   .            (no amulet)
rElec   .            (no ring)
rCorr   .            (no ring)
SInv    .            (no ring)
Will    .....        (no ring)
Stlth   ++++         (no ring)
HPRegen 0.25/turn    (no ring)
MPRegen 0.10/turn    (no ring)
                     (no ring)

%: no passive effects
@: corroded, under a protective aura
A: almost no armour, amphibious, 8 rings, camouflage 1, gelatinous body 1,
(nimble swimmer 1), tentacles
a: no special abilities


You were on level 4 of the Dungeon.
You visited 1 branch of the dungeon, and saw 4 of its levels.

You collected 134 gold pieces.

Inventory:

Hand Weapons
 a - a +2 dagger of protection (weapon)
 d - a +0 long sword
   (You found it on level 2 of the Dungeon)
 i - a +0 war axe
   (You found it on level 3 of the Dungeon)
 n - a +2 dagger of draining
   (You found it on level 3 of the Dungeon)
Missiles
 b - 9 poisoned darts
 c - 3 curare-tipped darts
 e - 2 boomerangs
 s - 33 stones
Scrolls
 g - a scroll of enchant weapon {unknown}
 h - a scroll of immolation {unknown}
 j - a scroll of brand weapon
 l - a scroll of revelation {unknown}
 D - 2 scrolls of blinking {!r}
Potions
 f - a potion of brilliance {unknown}
 k - 3 potions of enlightenment
 H - a potion of haste
 J - a potion of curing {@q1}
 M - a potion of magic
 N - a potion of heal wounds {@q2}
 P - a potion of lignification {!q}


   Skills:
 + Level 2.6 Fighting
 - Level 2.8 Short Blades
 - Level 2.0 Throwing
 + Level 2.0 Dodging
 - Level 5.3 Stealth
 * Level 1.9 Spellcasting
 * Level 2.2 Poison Magic


You had 6 spell levels left.
You knew the following spells:

 Your Spells              Type           Power      Damage    Failure   Level
a - Sting                 Tmut/Pois      16%        1d3       14%         1

Your spell library contained the following spells:

 Spells                   Type           Power      Damage    Failure   Level
 Poisonous Vapours        Pois/Air       8%         N/A       22%         2
 Olgreb's Toxic Radiance  Pois           8%         N/A       65%         4


Dungeon Overview and Level Annotations

Branches:
Dungeon (4/15) Zot: 21698
 Temple: D:4-7

Altars:
Ashenzari
Cheibriados
Makhleb

Shops:
D:3 (


Innate Abilities, Weirdness & Mutations

You cannot wear most types of armour.
You are amphibious.
You can wear up to eight rings at the same time.
Your skin changes colour to match your surroundings (Stealth+).
Your rubbery body absorbs attacks. (AC +1, EV +1)
((You are camouflaged when in or above water. (Stealth+)))
You have tentacles for arms and can constrict up to eight enemies at once.


Message History

Your +2 dagger of protection hums with potential!
n - a +2 dagger of protection (weapon)
Adjust to which letter? (? for menu, Esc to quit)
a - a +2 dagger of protection (weapon);
n - a +2 dagger of draining
As you read the scroll labelled GAAFFO FEYLED, it crumbles to dust.
A profound silence engulfs you.
It was a scroll of silence.
Magic scrolls do not work when you're silenced!
An adder comes into view.
The helpless adder fails to defend itself.
You impale the adder!!
Your weapon exudes an aura of protection.
You kill the adder!
Your hearing returns.
f - an orange potion The air fills with toxic fumes!
As you read the scroll labelled OWOHEM KON PACW, it crumbles to dust.
It was a scroll of poison.
You open the door.
Found a snail-covered altar of Cheibriados.
Found a burning altar of Makhleb.
There is an open door here.
There is an open door here.
You see here a +0 short sword.
A goblin comes into view. It is wielding a +0 dagger.
The goblin hits you with a +0 dagger.
You take 1 damage, and have 29/30 hp.
You hit the goblin.
Your weapon exudes an aura of protection.
You kill the goblin!
You see here a +0 ring mail.
You now have 134 gold pieces (gained 8).
Things that are here:
a +0 dagger; a goblin corpse
g - a scroll labelled UMMECL NYFYA Health restored: 30
j - a scroll of brand weapon An adder and a bat come into view.
Found Bittecai's Antique Weapon Boutique.
The helpless adder fails to defend itself.
You impale the adder!!
Your weapon exudes an aura of protection.
You kill the adder!
Your Dodging skill increases to level 2!
You have reached level 5!
You feel agile.
Health restored: 35; MP restored: 7 A bat is nearby!
There is an entrance to Bittecai's Antique Weapon Boutique here.
The helpless bat fails to defend itself.
You impale the bat!!
Your weapon exudes an aura of protection.
You kill the bat!
No target in view!
There is an entrance to Bittecai's Antique Weapon Boutique here.
You see here the +0 pair of gloves of Plog {+Blink Str+3}.
You see here a +0 dagger.
You open the door.
Done exploring.
There is a stone staircase leading up here.
There is a stone staircase leading down here.
You climb downwards.
There is a stone staircase leading up here.
There are monsters nearby!
An orc comes into view. It is wielding a +0 dagger.
The orc shouts!
An orc comes into view. It is wielding a +0 club.
A ball python comes into view.
The orc shouts!
The ball python hisses angrily.
Okay, then.
There is a stone staircase leading up here.
You climb upwards.
There is a stone staircase leading down here.
There is a stone staircase leading down here.
You climb downwards.
There is a stone staircase leading up here.
The jelly barely misses you.
You hit the jelly.
Your weapon exudes an aura of protection.
Your tentacles burn!
The jelly barely misses you.
You take 3 damage, and have 32/35 hp.
You hit the jelly but do no damage.
Your tentacles burn!
The jelly closely misses you.
You take 4 damage, and have 28/35 hp.
You hit the jelly.
Your tentacles burn!
The jelly hits you. The acid corrodes you!
You are splashed with acid!
You take 13 damage, and have 15/35 hp.
MASSIVE DAMAGE!!
You hit the jelly but do no damage. The acid corrodes you!
Your tentacles burn!
The jelly misses you.
You take 2 damage, and have 13/35 hp.
You hit the jelly.
Your tentacles burn!
* * * LOW HITPOINT WARNING * * *
The jelly hits you.
* * * LOW HITPOINT WARNING * * *
You are splashed with acid.
* * * LOW HITPOINT WARNING * * *
You take 10 damage, and have 3/35 hp.
MASSIVE DAMAGE!!
You hit the jelly.
Your tentacles burn!
You die...

...#... .#.
.....##...
.........
###........
###..<..#...
#............
##.....##....
##..#.# #..
#.@#.# .
##J..# #####


You could see a jelly.

Vanquished Creatures
  Terence (D:3)
  4 adders
  A worm (D:2)
  2 dart slugs (D:3)
  An orc (D:3)
  6 endoplasms
  3 giant cockroaches
  4 goblins
  4 hobgoblins
  8 kobolds
  4 quokkas
  A ball python (D:1)
  6 bats
  3 frilled lizards (D:2)
  4 rats
52 creatures vanquished.

Notes
Turn   | Place    | Note
-------+----------+-------------------------------------------
     0 | D:1      | sokol815 the Octopode Brigand began the quest for the Orb.
     0 | D:1      | Reached XP level 1. HP: 14/14 MP: 1/1
   179 | D:1      | Reached XP level 2. HP: 19/19 MP: 2/2
   181 | D:1      | Learned a level 1 spell: Sting
   456 | D:1      | Reached skill level 1 in Spellcasting
   479 | D:1      | Found a faded altar of an unknown god.
   759 | D:2      | Reached XP level 3. HP: 24/24 MP: 4/4
   770 | D:2      | Reached skill level 1 in Poison Magic
  1246 | D:2      | Reached XP level 4. HP: 30/30 MP: 6/6
  1725 | D:3      | Found a broken altar of Ashenzari.
  1748 | D:3      | Noticed Terence
  1753 | D:3      | Killed Terence
  1754 | D:3      | Reached skill level 2 in Poison Magic
  2054 | D:3      | Found a snail-covered altar of Cheibriados.
  2055 | D:3      | Found a burning altar of Makhleb.
  2179 | D:3      | Found Bittecai's Antique Weapon Boutique.
  2182 | D:3      | Reached skill level 2 in Dodging
  2182 | D:3      | Reached XP level 5. HP: 35/35 MP: 7/7
  2220 | D:3      | Identified the +0 pair of gloves of Plog {+Blink Str+3}
  2313 | D:4      | HP: 3/35 [acid (6)]
  2314 | D:4      | Splashed by a jelly's acid

Illustrated notes

Levels and vault maps discovered:
D:1:      zelgadis_glass_arrival_small, layout_loops_ring,
          hellmonk_ecumenical_altar_inner_sanctum
D:2:      layout_basic, patterned_corridor
D:3:      layout_loops_ring, mainiacjoe_overflow_surrounded_room,
          mainiacjoe_overflow_divided_tiny, serial_shops, shop, uniq_terence
D:4:      layout_cave_pools

Skill      XL: |  1  2  3  4 |
---------------+-------------+-----
Spellcasting   | 1 |  1.9
Poison Magic   | 1 2 |  2.2
Dodging        | 2 |  2.0
Fighting       | |  2.6
Short Blades   | |  2.8
Throwing       | |  2.0
Stealth        | |  5.3

Action                     |  1- 3 |  4- 6 || total
---------------------------+-------+-------++-------
  Melee: Dagger            |    53 |    39 ||    92
         Tentacles         |     7 |     4 ||    11
         Constrict         |     7 |     6 ||    13
         Punch             |     1 |     1 ||     2
    Use: Scroll            |     5 |     6 ||    11
   Stab: Sleeping          |    18 |     7 ||    25
 Armour: Skin              |    14 |    14 ||    28
  Dodge: Dodged            |    13 |    11 ||    24

Table legend: (Time is in decaauts)
 A = Elapsed time spent in this place.
 B = Non-inter-level travel time spent in this place.
 C = Inter-level travel time spent in this place.
 D = Time resting spent in this place.
 E = Time spent auto-exploring this place.
 F = Levels seen in this place.
 G = Mean time per level.
                   A        B        C        D        E       F      G
               +--------+--------+--------+--------+--------+-----+--------+
         Total |   2301 |   2219 |     82 |      0 |   1854 |   4 |  575.2 |
       Dungeon |   2301 |   2219 |     82 |      0 |   1854 |   4 |  575.2 |
               +--------+--------+--------+--------+--------+-----+--------+

Top non-repeatable levels by time:
     D:3: 779 daAuts
     D:2: 754 daAuts
     D:1: 752 daAuts
     D:4: 15 daAuts

Levels and vault maps discovered:
D:1:      zelgadis_glass_arrival_small, layout_loops_ring,
          hellmonk_ecumenical_altar_inner_sanctum
D:2:      layout_basic, patterned_corridor
D:3:      layout_loops_ring, mainiacjoe_overflow_surrounded_room,
          mainiacjoe_overflow_divided_tiny, serial_shops, shop, uniq_terence
D:4:      layout_cave_pools

Table legend: (Time is in decaauts)
 A = Elapsed time spent in this place.
 B = Non-inter-level travel time spent in this place.
 C = Inter-level travel time spent in this place.
 D = Time resting spent in this place.
 E = Time spent auto-exploring this place.
 F = Levels seen in this place.
 G = Mean time per level.
                   A        B        C        D        E       F      G
               +--------+--------+--------+--------+--------+-----+--------+
         Total |   2301 |   2219 |     82 |      0 |   1854 |   4 |  575.2 |
       Dungeon |   2301 |   2219 |     82 |      0 |   1854 |   4 |  575.2 |
               +--------+--------+--------+--------+--------+-----+--------+

Top non-repeatable levels by time:
     D:3: 779 daAuts
     D:2: 754 daAuts
     D:1: 752 daAuts
     D:4: 15 daAuts

Table legend:
 A = Kills in this place as a percentage of kills in the entire game.
 B = Kills by you in this place as a percentage of kills by you in the entire game.
 C = Kills by friends in this place as a percentage of kills by friends in the entire game.
 D = Other kills in this place as a percentage of other kills in the entire game.
 E = Experience gained in this place as a percentage of experience gained in the entire game.
 F = Experience gained in this place divided by the number of levels of this place that you have seen.
                   A       B       C       D       E      F
               +-------+-------+-------+-------+-------+----------------------
         Total | 100.0 | 100.0 |   N/A |   N/A | 100.0 |  44.0
       Dungeon | 100.0 | 100.0 |   N/A |   N/A | 100.0 |  44.0
               +-------+-------+-------+-------+-------+----------------------
